 Dungeon Crawl Stone Soup version 0.23.0 (webtiles) character file.

Game seed: 11433399750434905271

294 Froggeryz the Chopper (level 6, 0/51 HPs)
             Began as a Minotaur Fighter on Feb 11, 2019.
             Was a Priest of Cheibriados.
             Slain by an orc warrior
             ... wielding a +0 glaive of protection
              (19 damage)
             ... on level 4 of the Dungeon.
             The game lasted 00:04:34 (2725 turns).

Froggeryz the Chopper (Minotaur Fighter)            Turns: 2725, Time: 00:04:35

Health: 0/51       AC:  6    Str: 35    XL:     6   Next: 11%
Magic:  14/14      EV: 10    Int: 13    God:    Cheibriados [***...]
Gold:   120        SH:  6    Dex: 17    Spells: 5/5 levels left

rFire    . . .     SeeInvis .   i - +0 hand axe (venom)
rCold    . . .     Gourm    .   o - +0 buckler
rNeg     . . .     Faith    .   b - +0 scale mail
rPois    .         Spirit   .   (helmet restricted)
rElec    .         Reflect  .   (no cloak)
rCorr    .         Harm     .   (no gloves)
MR       .....                  (no boots)
Stlth    ..........             (no amulet)
HPRegen  0.17/turn              n - ring of magical power
MPRegen  0.14/turn              m - +2 ring of strength

@: mighty, very slow
A: retaliatory headbutt, horns 2
a: Bend Time, Temporal Distortion, Renounce Religion


You were on level 4 of the Dungeon.
You worshipped Cheibriados.
Cheibriados was most pleased with you.
You were not hungry.

You visited 1 branch of the dungeon, and saw 4 of its levels.

You collected 120 gold pieces.

Inventory:

Hand Weapons
 a - a +0 war axe
 i - a +0 hand axe of venom (weapon)
Armour
 b - a +0 scale mail (worn)
 c - a +0 shield
 o - a +0 buckler (worn)
Jewellery
 m - a +2 ring of strength (right hand)
 n - a ring of magical power (left hand)
Scrolls
 h - 5 scrolls of identify
 k - 2 scrolls of teleportation
 p - a scroll of fog {unknown}
Potions
 e - 2 potions of lignification
 g - a potion of ambrosia {unknown}
 j - a potion of cancellation {unknown}
 l - a potion of magic {unknown}
Comestibles
 f - 3 rations


   Skills:
 - Level 3.6 Fighting
 + Level 6.9 Axes
 - Level 3.6 Armour
 + Level 5.1 Shields


You had 5 spell levels left.
You didn't know any spells.
Your spell library was empty.

Dungeon Overview and Level Annotations

Branches:
Dungeon (4/15)
 Temple: D:4-7

Altars:
Cheibriados

Annotations:
D:4 2 runed translucent doors, LostNumber's ghost, novice DrTm


Innate Abilities, Weirdness & Mutations

You reflexively headbutt those who attack you in melee.
You have a pair of horns on your head.


Message History

You barely miss the orc warrior.
The worker ant twitches its antennae in your direction.
The orc warrior hits you with a +0 glaive of protection!
You closely miss the orc warrior.
You headbutt the orc warrior, but do no damage.
The orc warrior hits you with a +0 glaive of protection!
You feel very mighty all of a sudden.
You hit the orc warrior.
The orc warrior is poisoned.
Your headbutt misses the orc warrior.
The orc warrior is lightly wounded.
You hit the worker ant.
The worker ant is poisoned.
The worker ant bites you. The orc warrior barely misses you.
You furiously retaliate!
You headbutt the orc warrior! You barely miss the orc warrior.
The orc warrior is severely wounded.
You slash the worker ant!
You kill the worker ant!
Cheibriados appreciates the change of pace.
The orc warrior hits you with a +0 glaive of protection!!
You die...

...# #..# #..#.#...#.# #
#..#.#...#. ..
#..#.#...>.# ...
#..#.#...#..
...?..###........#.#
.........@.#.#...#.#######
......####o#.#...#..#≈≈≈≈≈
......o(.(.......#..+≈≈≈≈?
##.....†(......#.#..#≈≈≈≈≈
#.#................######
#.............#.#..#.##
...........#...#.#.##.##
.......##.#.#...#........
.....#...#?#.#.<......#(##


You could see an orc warrior.

Vanquished Creatures
  An orc priest (D:4)
  2 orc wizards
  A worker ant (D:4)
  Robin (D:3)
  4 gnolls (D:2)
  2 adders (D:2)
  2 oozes
  An adder skeleton (D:4)
  2 worms (D:3)
  2 dart slugs
  6 orcs
  7 bats
  5 giant cockroaches
  10 hobgoblins
  18 jackals
  3 quokkas
  A ball python (D:3)
  3 frilled lizards
  10 goblins
  3 kobolds
  4 rats
88 creatures vanquished.

Notes
Turn   | Place    | Note
-------+----------+-------------------------------------------
     0 | D:1      | Froggeryz the Minotaur Fighter began the quest for the Orb.
     0 | D:1      | Reached XP level 1. HP: 19/19 MP: 0/0
    89 | D:1      | Reached skill level 3 in Axes
   180 | D:1      | Reached XP level 2. HP: 26/26 MP: 1/1
   523 | D:1      | Reached skill level 4 in Axes
   564 | D:2      | Reached XP level 3. HP: 25/31 MP: 2/2
   648 | D:2      | Reached skill level 5 in Axes
   656 | D:2      | Reached XP level 4. HP: 17/39 MP: 3/3
  1459 | D:3      | Found a faded altar of an unknown god.
  1504 | D:3      | Became a worshipper of Cheibriados the Contemplative
  1504 | D:3      | Reached * piety under Cheibriados
  1638 | D:3      | Reached skill level 6 in Axes
  1882 | D:3      | Reached XP level 5. HP: 17/45 MP: 4/4
  2143 | D:3      | Reached ** piety under Cheibriados
  2332 | D:3      | Noticed Robin
  2343 | D:3      | Killed Robin
  2661 | D:4      | Found a runed translucent door.
  2661 | D:4      | Noticed LostNumber's ghost (novice DrTm)
  2686 | D:4      | Found a runed translucent door.
  2703 | D:4      | Reached *** piety under Cheibriados
  2706 | D:4      | Reached XP level 6. HP: 50/51 MP: 5/5
  2709 | D:4      | Noticed an orc warrior
  2713 | D:4      | Reached skill level 5 in Shields
  2725 | D:4      | Slain by an orc warrior

Skill      XL: |  1  2  3  4  5  6 |
---------------+-------------------+-----
Axes           | 3 4 5 6 |  6.9
Shields        | 4 5 |  5.1
Fighting       | |  3.6
Armour         | |  3.6

Action                   |  1- 3 |  4- 6 || total
-------------------------+-------+-------++-------
Melee: War axe           |    34 |       ||    34
       Headbutt          |     7 |    21 ||    28
       Hand axe          |    34 |    99 ||   133
  Use: Scroll            |     2 |     3 ||     5
       Potion            |       |     3 ||     3
  Eat: Chunk             |       |     4 ||     4
Armor: Scale mail        |    32 |    30 ||    62
Dodge: Dodged            |    21 |    40 ||    61
Block: Shield            |    28 |    14 ||    42
       Buckler           |       |    18 ||    18
